 Dungeon Crawl Stone Soup version 0.29-a0-359-g541a27f54d (webtiles) character file.

Game seed: 7443803126637766039

46 Colgate the Sneak (level 3, -3/21 HPs)
             Began as a Kobold Brigand on Apr 28, 2022.
             Slain by Natasha (8 damage)
             ... on level 2 of the Dungeon.
             The game lasted 00:01:17 (1440 turns).

Colgate the Sneak (Kobold Brigand)                  Turns: 1440, Time: 00:01:17

Health: -3/21      AC:  3    Str:  8    XL:     3   Next: 92%
Magic:  3/3        EV: 14    Int: 12    God:
Gold:   22         SH:  0    Dex: 18    Spells: 2/2 levels left

rFire   . . .      SeeInvis .   a - +2 dagger
rCold   . . .      Faith    .   (no shield)
rNeg    . . .      Spirit   .   b - +0 robe
rPois   .          Reflect  .   (no helmet)
rElec   .          Harm     .   c - +0 cloak
rCorr   .          Rampage  .   (no gloves)
Will    .....                   (no boots)
Stlth   ++++......              (no amulet)
HPRegen 0.07/turn               (no ring)
MPRegen 0.08/turn               (no ring)

@: no status effects
A: small, no large weapons, nightstalker 3
a: no special abilities


You were on level 2 of the Dungeon.
You visited 1 branch of the dungeon, and saw 2 of its levels.

You collected 22 gold pieces.

Inventory:

Hand Weapons
 a - a +2 dagger (weapon)
Missiles
 d - 9 poisoned darts (quivered)
 e - 8 curare-tipped darts
Armour
 b - a +0 robe (worn)
 c - a +0 cloak (worn)
 r - a scarf of invisibility
Magical Staves
 o - a staff of earth
Scrolls
 f - a scroll of enchant armour {unknown}
 i - 2 scrolls of teleportation {unknown}
 j - 2 scrolls of amnesia {unknown}
 l - a scroll of identify {unknown}
 n - 2 scrolls of noise {unknown}
 p - a scroll of magic mapping {unknown}
 q - a scroll of brand weapon {unknown}
Potions
 g - a potion of attraction {unknown}
 h - a potion of might {unknown}
 k - a potion of degeneration {unknown}
 m - a potion of curing {unknown}


   Skills:
 - Level 2.1 Fighting
 + Level 5.2 Short Blades
 - Level 2.1 Throwing
 - Level 1.2 Dodging
 - Level 5.3 Stealth


You had 2 spell levels left.
You didn't know any spells.
Your spell library was empty.

Dungeon Overview and Level Annotations

Branches:
Dungeon (2/15)

Altars:

Annotations:
D:2 Natasha


Innate Abilities, Weirdness & Mutations

You are small and have problems with some larger weapons.
You are completely attuned to the shadows.


Message History

You stick the bat like a pincushion!!!
You kill the bat!
Natasha, Servant of Life and Death comes into view.
You see here a scroll labelled GIHEN HOVIBLI.
Natasha is nearby!
There is a stone staircase leading down here.
Natasha is nearby!
Natasha hisses angrily.
You hit Natasha but do no damage. Natasha claws you but does no damage.
Natasha is nearby!
You completely miss Natasha. Natasha misses you.
Natasha is nearby!
You hit Natasha. Your punch misses Natasha.
Natasha is nearby!
You hit Natasha. Natasha claws you!
Natasha is nearby!
You hit Natasha. Natasha misses you.
Natasha is nearby!
You hit Natasha. Natasha claws you!
* * * LOW HITPOINT WARNING * * *
Natasha is nearby!
You are too injured to fight recklessly!
Natasha is nearby!
You are too injured to fight recklessly!
Natasha is nearby!
You are too injured to fight recklessly!
Natasha is nearby!
You are too injured to fight recklessly!
Natasha is nearby!
You are too injured to fight recklessly!
Natasha is nearby!
You are too injured to fight recklessly!
Natasha is nearby!
Natasha wildly gestures.
Natasha glows brightly for a moment.
Natasha barely misses you.
Natasha mumbles some strange words.
You feel disoriented. Natasha claws you!
You die...

#.......
#........#
.#........##
.'.........#
#..@....†.#
#.h.......#
##.>.?....#
#.########
#.# #.#
#...... #.#
#........####
#.#
#?.......#...
#.#
#........#...


You could see Natasha.

Vanquished Creatures
  Natasha (D:2)
  2 ball pythons
  A giant cockroach (D:2)
  3 goblins
  2 hobgoblins (D:1)
  2 kobolds (D:1)
  A quokka (D:2)
  4 bats
  4 frilled lizards
  A rat (D:1)
21 creatures vanquished.

Notes
Turn   | Place    | Note
-------+----------+-------------------------------------------
     0 | D:1      | Colgate the Kobold Brigand began the quest for the Orb.
     0 | D:1      | Reached XP level 1. HP: 12/12 MP: 1/1
   195 | D:1      | Reached XP level 2. HP: 17/17 MP: 2/2
  1260 | D:2      | Noticed Natasha
  1264 | D:2      | Killed Natasha
  1265 | D:2      | Reached skill level 5 in Short Blades
  1265 | D:2      | Reached XP level 3. HP: 21/21 MP: 3/3
  1430 | D:2      | Noticed Natasha
  1440 | D:2      | Slain by Natasha

Illustrated notes

Levels and vault maps discovered:
D:1:      tarquinn_simple_flora_water_e, layout_basic
D:2:      layout_basic, minivault_4, kennysheep_nub, feat_on_display,
          uniq_natasha

Skill      XL: |  1  2 |
---------------+-------+-----
Short Blades   | 3 5 |  5.2
Fighting       | |  2.1
Throwing       | |  2.1
Dodging        | |  1.2
Stealth        | |  5.3

Action                   || total
-------------------------++-------
Melee: Dagger            ||    40
 Stab: Sleeping          ||     9
       Distracted        ||     1
Armor: Robe              ||     2
Dodge: Dodged            ||    18

Table legend: (Time is in decaauts)
 A = Elapsed time spent in this place.
 B = Non-inter-level travel time spent in this place.
 C = Inter-level travel time spent in this place.
 D = Time resting spent in this place.
 E = Time spent auto-exploring this place.
 F = Levels seen in this place.
 G = Mean time per level.
                   A        B        C        D        E       F      G
               +--------+--------+--------+--------+--------+-----+--------+
         Total |   1434 |   1295 |    139 |      0 |   1140 |   2 |  717.0 |
       Dungeon |   1434 |   1295 |    139 |      0 |   1140 |   2 |  717.0 |
               +--------+--------+--------+--------+--------+-----+--------+

Top non-repeatable levels by time:
     D:1: 1042 daAuts
     D:2: 392 daAuts
